 Dungeon Crawl Stone Soup version 0.18.1-2-ga659475 (webtiles) character file.

643366 franckfuck the Axe Maniac (level 27, -1/290 HPs)
             Began as a Minotaur Berserker on May 2, 2016.
             Was the Champion of Trog.
             Killed by divine providence
             ... invoked by a mummy priest
              (11 damage)
             ... on level 1 of the Tomb of the Ancients on May 8, 2016.
             The game lasted 11:04:46 (67448 turns).

franckfuck the Axe Maniac (Minotaur Berserker)     Turns: 67448, Time: 11:04:47

Health: -1/290     AC: 34    Str: 35      XL:     27
Magic:  7/7        EV: 27    Int:  5 (6)  God:    Trog [******]
Gold:   5774       SH:  0    Dex: 20      Spells: 0 memorised, 26 levels left

rFire  + + +     SeeInvis +     V - +9 executioner's axe (antimagic)
rCold  . . .     Gourm    .     U - +2 plate armour of Philately {rElec rPois rN+++ Stlth-}
rNeg   + + +     Faith    .     (shield currently unavailable)
rPois  +         Spirit   .     N - +1 hat
rElec  +         Dismiss  .     s - +0 cloak of the Good {Slay+2}
rCorr  .         Reflect  .     (no gloves)
SustAt .         Harm     .     j - +0 pair of boots of Zehihumilo {rElec Regen+ Str+4 Int+2}
MR     ++++.     Clarity  +     R - amulet of the Four Winds {rN+ MR+++ Clar}
Stlth  ..........               F - ring of Tuag {MR- AC+2 Str+3 Dex+3}
                                y - ring "Vefoty" {rPois rF+ AC+4 SInv}

@: exhausted, flayed, slowed, studying Unarmed Combat, very slow, incredibly
resistant to hostile enchantments, extremely unstealthy
A: retaliatory headbutt, horns 2, blurry vision 1, fire resistance 2, sense
surroundings 1, robust 1
a: Berserk, Trog's Hand, Brothers in Arms, Burn Spellbooks, Renounce Religion
}: 4/15 runes: decaying, serpentine, slimy, silver


You were on level 1 of the Tomb of the Ancients.
You worshipped Trog.
Trog was exalted by your worship.
You were not hungry.

You visited 12 branches of the dungeon, and saw 57 of its levels.
You visited the Abyss 1 time.
You also visited: Labyrinth, Trove, Volcano and Wizlab.

You collected 8306 gold pieces.
You spent 2532 gold pieces at shops.

Inventory:

Hand Weapons
 M - the +7 lajatang of Order {silver, rMut}
   (You found it in a labyrinth)

   It protects you from mutation.
 V - a +9 antimagic executioner's axe (weapon)
Missiles
 b - 25 javelins of returning
 d - 9 tomahawks of dispersal
 B - 4 steel javelins
 S - 9 javelins of penetration (quivered)
Armour
 a - a +10 crystal plate armour
 j - the +0 pair of boots of Zehihumilo (worn) {rElec Regen+ Str+4 Int+2}
   (You found it on level 4 of the Depths)

   It affects your strength (+4).
   It affects your intelligence (+2).
   It insulates you from electricity.
   It increases your rate of regeneration.
 m - a +2 pair of gloves of fire resistance
 s - the +0 cloak of the Good (worn) {Slay+2}
   (You found it on level 6 of the Pits of Slime)

   It affects your accuracy and damage with ranged weapons and melee attacks
   (+2).
 A - a +0 pair of boots of running
 N - a +1 hat (worn)
 Q - the +0 cloak of an ossuary {MR++}
   (You found it in a wizard's laboratory)

   It affects your resistance to hostile enchantments.
 U - the +2 plate armour of Philately (worn) {rElec rPois rN+++ Stlth-}
   (You bought it in a shop on level 3 of the Depths)

   It insulates you from electricity.
   It protects you from poison.
   It renders you almost immune to negative energy.
   It makes you less stealthy.
 X - the +2 cloak of Agoraphobia {rN+}
   (You found it in a wizard's laboratory)

   It protects you from negative energy.
Jewellery
 y - the ring "Vefoty" (left hand) {rPois rF+ AC+4 SInv}
   (You found it on level 3 of the Elven Halls)

   [ring of protection]

   It affects your AC (+4).
   It protects you from fire.
   It protects you from poison.
   It lets you see invisible.
 F - the ring of Tuag (right hand) {MR- AC+2 Str+3 Dex+3}
   (You found it in a labyrinth)

   [ring of protection]

   It affects your AC (+2).
   It affects your strength (+3).
   It affects your dexterity (+3).
   It affects your resistance to hostile enchantments.
 R - the amulet of the Four Winds (around neck) {rN+ MR+++ Clar}
   (You found it in a labyrinth)

   [amulet of nothing]

   It protects you from negative energy.
   It affects your resistance to hostile enchantments.
   It protects you against confusion.
Wands
 e - a wand of teleportation (3/9)
 i - a wand of digging (4/24)
 p - a wand of hasting (5/9)
 Y - a wand of heal wounds (3/9)
Scrolls
 g - 4 scrolls of teleportation
 h - 2 scrolls of acquirement
 k - 14 scrolls of remove curse
 q - 21 scrolls of identify
 r - 2 scrolls of silence
 t - 6 scrolls of blinking
 u - a scroll of enchant weapon
 w - a scroll of fear
 D - 9 scrolls of fog
 H - 12 scrolls of magic mapping
 T - 7 scrolls of recharging
Potions
 f - 31 potions of curing
 n - a potion of berserk rage
 v - 4 potions of cancellation
 K - a potion of haste
 O - a potion of magic
 P - a potion of agility
Books
 l - Gibuw's Volume of Evil Magic
   (You found it on level 3 of the Crypt)

   Spells                             Type                      Level
   a - Pain                           Necromancy                   1
   b - Sublimation of Blood           Necromancy                   2
   c - Vampiric Draining              Necromancy                   3
   d - Cigotuvi's Embrace             Necromancy                   5
   e - Dispel Undead                  Necromancy                   5
   f - Simulacrum                     Ice/Necromancy               6
   Trog disapproves of the use of such an item.
 o - the Compendium of Malediction
   (You found it on level 1 of the Crypt)

   Spells                             Type                      Level
   a - Leda's Liquefaction            Hexes/Earth                  4
   b - Yara's Violent Unravelling     Hexes/Transmutation          5
   c - Invisibility                   Hexes                        6
   Trog disapproves of the use of such an item.
 C - a book of Frost

   Spells                             Type                      Level
   a - Freeze                         Ice                          1
   b - Throw Frost                    Conjuration/Ice              2
   c - Ozocubu's Armour               Charms/Ice                   3
   d - Throw Icicle                   Conjuration/Ice              4
   e - Summon Ice Beast               Ice/Summoning                4
   Trog disapproves of the use of such an item.
 G - the Collected Works on Stolen Souls
   (You found it on level 2 of the Crypt)

   Spells                             Type                      Level
   a - Pain                           Necromancy                   1
   b - Regeneration                   Charms/Necromancy            3
   c - Vampiric Draining              Necromancy                   3
   d - Excruciating Wounds            Charms/Necromancy            5
   e - Cigotuvi's Embrace             Necromancy                   5
   Trog disapproves of the use of such an item.
 I - a book of the Warp

   Spells                             Type                      Level
   a - Recall                         Summoning/Translocation      3
   b - Gell's Gravitas                Hexes/Translocation          3
   c - Force Lance                    Conjuration/Translocation    4
   d - Warp Weapon                    Charms/Translocation         5
   e - Summon Forest                  Summoning/Translocation      5
   Trog disapproves of the use of such an item.
 L - a manual of Unarmed Combat
 W - Sif Muna's Papyrus of the Eternal Void
   (You found it in a wizard's laboratory)

   Spells                             Type                      Level
   a - Shroud of Golubria             Charms/Translocation         2
   b - Blink                          Translocation                2
   c - Portal Projectile              Translocation                3
   d - Teleport Other                 Translocation                3
   e - Force Lance                    Conjuration/Translocation    4
   Trog disapproves of the use of such an item.
Comestibles
 c - 33 bread rations
 z - a meat ration


   Skills:
 + Level 24.4 Fighting
 O Level 27 Axes
 + Level 17.9 Throwing
 + Level 24.4 Armour
 + Level 22.6 Dodging


You had 26 spell levels left.
You didn't know any spells.

Dungeon Overview and Level Annotations

Branches:
Dungeon (15/15)            Temple (1/1) D:5            Lair (8/8) D:9
  Swamp (4/4) Lair:4        Snake (4/4) Lair:4        Slime (6/6) Lair:6
    Orc (2/2) D:10            Elf (3/3) Orc:2        Vaults (5/5) D:14
  Crypt (3/3) Vaults:2       Tomb (1/3) Crypt:3      Depths (5/5) D:15
    Zot (0/5) Depths:5

Altars:
Ashenzari
Cheibriados
Kikubaaqudgha
Makhleb
Nemelex Xobeh
Okawaru
Ru
Sif Muna
Xom
Yredelemnul
Zin
The Shining One
Jiyva

Shops:
D:9 %   D:12 *}*   Orc:1 *   Orc:2 *%}!*   Elf:2 (   Elf:3 %   Snake:1 :
Vaults:2 [(}   Vaults:5 }}   Depths:1 =   Depths:2 :   Depths:3 :}[

Portals:
Hell: Depths:1 Depths:2 Depths:3 Depths:4 Depths:5
Abyss: Depths:3 Depths:4
Pandemonium: Depths:1 Depths:3
Ziggurat: Depths:2


Innate Abilities, Weirdness & Mutations

You reflexively headbutt those who attack you in melee.
You have a pair of horns on your head.
Scrolls take you a little longer to read.
Your flesh is very heat resistant.
You passively map a small area around you.
You are robust (+10% HP).


Message History

The iron dragon zombie bites you but does no damage.
The iron dragon zombie completely misses you.
The iron dragon zombie tramples you but does no damage.
The mummy priest utters an invocation to its god.
You hear a bark!
Read which item? (? for menu, Esc to quit)
Really read with blurry vision while enemies are nearby?
Uppercase [Y]es or [N]o only, please.
Really read with blurry vision while enemies are nearby?
The freezing wraith completely misses you.
You furiously retaliate!
You headbutt the freezing wraith!
The freezing wraith completely misses you.
The mummy priest calls on the powers of darkness!
Your body is wracked with pain!
* * * LOW HITPOINT WARNING * * *
The skeletal warrior hits you from afar with an enchanted glaive!
* * * LOW HITPOINT WARNING * * *
The mummy priest calls down the wrath of its god upon you.
Something smites you!
You die...

# ,, ,
####..............
# , ,
#.............. ,
# , ,
#.............. *
# , #...4.........
# #..H.......... #
, #..4M#######. #
* #####..Mz# ...##
, * # ,
,........4#.....#
, # ,
.....VZ@.)..# , #
,, ,
......MWz#.....#
#* *
#####4M4M##...## ,
#* ,* *#..Z.#*####
# ,* ,#.W.W. , #*
, ,,#...... , * #
, , #.Mz...,, # ,
, #....... , , # ,
, *


You could see an ancient champion, 4 mummy priests, a skeletal warrior, 2 flayed
ghosts, 2 orange demons, an anubis guard, a hellwing, an ice devil, a freezing
wraith, a vampire (invisible), a red devil, 2 mummies, a wight, a dire elephant
zombie and an iron dragon zombie.

Vanquished Creatures
  the Royal Jelly (Slime:6)
  Mara (Vaults:5)
  An ancient lich (Vaults:5)
  A juggernaut (D:15)
  A greater mummy (Depths:3)
  Frederick (Crypt:3)
  Norris (Depths:2)
  Saint Roka (Depths:2)
  A caustic shrike (Depths:2)
  A curse toe (Crypt:3)
  Nikola (Snake:1)
  2 bone dragons
  Jorgrun (Crypt:1)
  A shard shrike zombie (Crypt:1)
  3 tentacled monstrosities
  Asterion (Elf:3)
  5 liches
  4 quicksilver dragons
  4 deep elf blademasters
  12 titans
  4 deep elf master archers (Elf:3)
  A tentacled starspawn (Abyss:2)
  16 acid blobs
  Gastronok (Lair:1)
  11 sphinxes
  4 ancient champions
  6 shadow dragons
  Kirke (Swamp:4)
  Frances (Snake:1)
  8 tengu reavers
  A revenant (Crypt:1)
  10 greater nagas
  3 storm dragons (Vaults:5)
  15 azure jellies
  Roxanne (Elf:1)
  6 deep elf sorcerers (Elf:3)
  A balrug (Depths:1)
  A daeva (Depths:4)
  6 frost giants
  13 fire giants
  Donald (Swamp:4)
  The ghost of Chiseanne the Eclecticist, an adept DsWz of Gozag (Elf:3)
  A draconian zealot (Depths:5)
  Louise (Swamp:4)
  14 vault wardens
  Aizul (Snake:1)
  A draconian scorcher (Depths:5)
  A caustic shrike zombie (Crypt:1)
  4 deep elf elementalists
  3 curse skulls
  2 iron dragons
  21 very ugly things
  13 ironheart preservers
  19 stone giants
  5 ghouls
  The ghost of no0bjke the Fighter, a journeyman GrBe of Trog (Orc:2)
  The ghost of F1L1N the Nimble, a journeyman TrBe of Trog (Lair:5)
  2 spriggan defenders (Depths:5)
  A war gargoyle (Vaults:5)
  A salamander stormcaller (Vaults:2)
  A green draconian (Depths:5)
  3 vampire knights
  Azrael (D:13)
  6 deep elf demonologists
  A black draconian (Depths:5)
  7 deep elf annihilators
  A purple draconian (Depths:5)
  7 death oozes
  3 spark wasps
  33 vault guards
  The ghost of Chiseanne the Fighter, a journeyman DsWz of Gozag (D:12)
  12 ettins
  12 mummy priests
  7 eidola
  10 deep elf death magi
  A minotaur (Lab)
  10 fire dragons
  6 jiangshi
  A quicksilver dragon skeleton (Crypt:1)
  2 quicksilver dragon zombies
  11 great orbs of eyes
  The ghost of grippy the Blocker, a journeyman DDFi of the Shining One (Lair:5)
  14 yaktaur captains
  6 entropy weavers
  3 deep elf high priests
  6 rakshasas
  15 hydras
  9 naga warriors
  14 ice dragons
  2 spriggan air magi (Depths:5)
  6 centaur warriors
  A spectral frost giant (Crypt:2)
  11 alligators
  An anaconda (shapeshifter) (Vaults:5)
  3 ghost crabs
  6 death knights
  9 anacondas
  28 dancing weapons
  7 deep troll earth magi
  3 spriggan berserkers
  The ghost of HaroldButt the Martial Artist, a novice DsGl of Okawaru (D:9)
  17 ogre magi
  6 death yaks (Lair:4)
  7 vampire magi
  2 titan zombies (Crypt:2)
  10 deep troll shamans
  3 shock serpents
  3 thrashing horrors (WizLab)
  12 naga sharpshooters
  A hell knight (WizLab)
  7 tengu warriors
  25 deep elf knights
  2 soul eaters (Vaults:2)
  3 shadow wraiths
  2 fire crabs
  25 skeletal warriors
  A titan skeleton (Crypt:2)
  3 sun demons
  3 iron trolls
  6 giant orange brains
  2 salamander mystics
  A hellephant skeleton (Crypt:3)
  A sea snake (shapeshifter) (Depths:5)
  37 deep trolls
  3 shambling mangroves
  An unseen horror (shapeshifter) (Vaults:1)
  5 unseen horrors
  4 spectral hydras (Swamp:4)
  A wizard (Depths:4)
  A shadow dragon zombie (Crypt:2)
  4 anubis guards (Tomb:1)
  3 anaconda zombies
  7 flayed ghosts
  3 starcursed masses (WizLab)
  9 swamp dragons
  An obsidian statue (WizLab)
  7 naga ritualists
  9 harpies
  13 hill giants
  19 deep elf archers
  An anubis guard (shapeshifter) (Vaults:5)
  A wolf spider zombie (Crypt:1)
  A wolf spider (Vaults:1)
  11 phantasmal warriors
  A necromancer (Vaults:5)
  A lindwurm (shapeshifter) (Vaults:5)
  7 ironbrand convokers
  18 orc knights
  2 hornets (Swamp:4)
  The ghost of PeterLawrence the Basher, a novice MiFi (D:8)
  7 griffons
  A spectral fire dragon (Crypt:3)
  60 ugly things
  6 shining eyes
  2 manticores
  2 orc sorcerers
  A salamander (shapeshifter) (Vaults:4)
  89 deep elf magi
  A griffon (shapeshifter) (Vaults:5)
  9 mana vipers
  5 fire giant zombies
  8 cyclopes
  2 shock serpent zombies
  A sixfirhy (WizLab)
  10 salamanders
  2 worldbinders (WizLab)
  15 vault sentinels
  An elephant (Lair:4)
  3 frost giant skeletons
  20 naga magi
  Maurice (D:13)
  40 black mambas
  An apocalypse crab (WizLab)
  5 gargoyles
  An ice statue (Lair:2)
  3 eyes of devastation
  A smoke demon (Abyss:2)
  A dire elephant skeleton (Crypt:2)
  15 spiny frogs
  9 large abominations
  An orange demon (WizLab)
  2 rime drakes (Lair:8)
  36 yaktaurs
  A green draconian zombie (Crypt:1)
  6 swamp worm zombies (Swamp:4)
  A kobold demonologist (Vaults:3)
  A demonic crawler (WizLab)
  An efreet (D:12)
  9 freezing wraiths
  8 komodo dragons
  A komodo dragon (shapeshifter) (Depths:2)
  4 ancient zymes
  2 hellwings (Abyss:2)
  2 tengu conjurers (Depths:3)
  11 trolls
  A death yak skeleton (Crypt:2)
  5 guardian mummies
  2 queen bees (shapeshifter)
  5 spriggan druids
  2 hydra zombies (Swamp:4)
  2 jumping spiders
  7 giant leeches
  5 boulder beetles
  13 polar bears
  An ushabti (Tomb:1)
  11 bog bodies
  33 two-headed ogres
  4 raiju (Abyss:2)
  3 alligator zombies (Swamp:4)
  134 slime creatures
  A fire dragon zombie (Crypt:2)
  2 ettin zombies (Crypt:2)
  16 blink frogs
  A slime creature (shapeshifter) (Elf:1)
  A guardian serpent skeleton (Crypt:3)
  A snapping turtle (shapeshifter) (Vaults:5)
  3 flying skulls
  A stone giant simulacrum (Vaults:5)
  9 air elementals
  A spectral swamp dragon (Swamp:4)
  12 redbacks
  A ynoxinul (WizLab)
  19 spriggans
  5 shadows
  10 wraiths
  3 wyverns
  A tarantella (shapeshifter) (Depths:1)
  Sigmund (D:3)
  2 vampires
  4 hogs (Swamp:4)
  An ice dragon skeleton (Crypt:2)
  2 small abominations
  37 yaks
  Eustachio (D:6)
  6 basilisks
  A basilisk (shapeshifter) (Elf:2)
  4 water elementals
  3 fire bats (Volcano)
  7 fire elementals
  A human (shapeshifter) (Vaults:2)
  10 golden eyes
  6 hungry ghosts
  32 vampire mosquitoes
  16 hippogriffs
  A neqoxec (Abyss:2)
  A chaos spawn (Abyss:2)
  A yaktaur simulacrum (Vaults:5)
  4 spatial vortices (WizLab)
  A water nymph zombie (Crypt:1)
  14 insubstantial wisps
  A mottled dragon (Vaults:1)
  A soldier ant (shapeshifter) (D:13)
  15 swamp worms
  6 wargs
  51 nagas
  A spectral snapping turtle (Crypt:3)
  3 hell hounds
  A giant eyeball (Depths:1)
  20 water moccasins
  A merfolk zombie (Crypt:1)
  7 porcupines
  A snapping turtle zombie (Crypt:3)
  20 ice beasts
  39 orc warriors
  6 phantoms
  6 swamp drakes
  3 black bears
  5 necrophages
  15 wasps
  2 sky beasts
  A blink frog zombie (Crypt:2)
  2 eyes of draining
  5 swamp dragon zombies (Swamp:4)
  66 ogres
  11 boggarts
  35 wolves (Lair:8)
  17 centaurs
  9 crocodiles
  Blork the orc (D:6)
  3 big kobolds
  13 giant frogs
  A gnoll sergeant (D:12)
  A deep troll simulacrum (Vaults:5)
  A yaktaur skeleton (Crypt:3)
  A wyvern skeleton (Crypt:2)
  A scorpion (D:6)
  A shapeshifter zombie (Crypt:3)
  A spriggan zombie (Crypt:2)
  A raiju zombie (Crypt:2)
  20 killer bees
  An electric eel (Lair:5)
  20 wights
  6 howler monkeys
  2 lava snakes (Volcano)
  10 crimson imps
  3 centaur zombies
  2 giant frog zombies
  5 hounds
  2 human simulacra
  20 orc priests
  4 human zombies (Crypt:3)
  30 jellies
  4 centaur skeletons
  4 giant frog skeletons
  2 iron imps
  9 iguanas
  43 orc wizards
  6 hell rats (Lair:2)
  3 spectral swamp drakes (Swamp:4)
  7 worker ants
  A naga zombie (Crypt:2)
  27 sheep
  A hound zombie (D:5)
  23 mummies
  3 hound skeletons
  A worker ant zombie (D:7)
  Robin (D:3)
  6 gnolls
  21 adders
  57 river rats
  8 shadow imps
  4 white imps
  3 adder skeletons
  A worm (D:3)
  2 dart slugs
  2 giant geckos
  108 orcs
  3 ball pythons
  5 giant cockroaches
  12 goblins
  10 hobgoblins
  9 jackals
  2 quokkas
  A giant gecko skeleton (D:6)
  A giant gecko zombie (Crypt:3)
  4 giant newts
  A hobgoblin skeleton (Crypt:1)
  19 kobolds
  2 orc zombies
  A quokka skeleton (D:9)
  2 rats (D:2)
  A butterfly (Lair:6)
  An eldritch tentacle segment (WizLab)
  19 fungi
  6 plants
2668 creatures vanquished.

Vanquished Creatures (collateral kills)
  An acid blob (Slime:6)
  The ghost of feelmyfire the Tortoise, an adept MiFi of Okawaru (Lair:6)
  A deep elf demonologist (Elf:2)
  2 deep elf annihilators (Elf:3)
  2 great orbs of eyes (Slime:6)
  An ogre mage (Orc:2)
  3 hydras
  3 dancing weapons (Elf:2)
  2 deep elf knights (Elf:2)
  2 deep elf archers
  5 deep elf magi (Elf:2)
  A manticore (Volcano)
  A polar bear (Lair:6)
  6 two-headed ogres (Orc:2)
  A slime creature (Slime:6)
  6 yaks
  An air elemental (Elf:1)
  Menkaure (D:6)
  2 mottled dragons (Volcano)
  3 orc warriors (Orc:1)
  7 ogres (Orc:2)
  A crocodile (Lair:3)
  2 lava snakes (Volcano)
  4 orcs (Orc:1)
59 creatures vanquished.

Vanquished Creatures (others)
  An eldritch tentacle (WizLab)
  A dancing weapon (Elf:2)
  A wizard (WizLab)
  A naga mage (Snake:1)
  A tarantella (Depths:4)
  An insubstantial wisp (Swamp:4)
  An ogre (Vaults:1)
  A scorpion (D:9)
  4 killer bees (D:9)
  A hound (D:9)
  A mummy (Tomb:1)
  An orc (D:9)
  1141 eldritch tentacle segments (WizLab)
  10 fungi
  5 lost souls
  17 plants
  2 starspawn tentacles (Abyss:2)
1190 creatures vanquished.

Grand Total: 3917 creatures vanquished

Notes
Turn   | Place    | Note
--------------------------------------------------------------
     0 | D:1      | franckfuck the Minotaur Berserker began the quest for the Orb.
     0 | D:1      | Reached XP level 1. HP: 19/19 MP: 0/0
   203 | D:1      | Reached XP level 2. HP: 20/27 MP: 1/1
   685 | D:2      | Reached skill level 4 in Axes
   752 | D:2      | Reached XP level 3. HP: 18/33 MP: 2/2
   933 | D:2      | Found a basalt altar of Yredelemnul.
  1093 | D:2      | Found a deep blue altar of Sif Muna.
  1116 | D:3      | Noticed Robin
  1120 | D:3      | Reached ** piety under Trog
  1122 | D:3      | Killed Robin
  1129 | D:3      | Reached XP level 4. HP: 41/41 MP: 3/3
  1312 | D:3      | Noticed Sigmund
  1321 | D:3      | Killed Sigmund
  1321 | D:3      | Reached skill level 5 in Fighting
  1321 | D:3      | Reached skill level 5 in Axes
  1321 | D:3      | Reached XP level 5. HP: 48/48 MP: 4/4
  1434 | D:3      | Reached XP level 6. HP: 21/56 MP: 5/5
  1875 | D:3      | Upgraded the game from 0.18-b1-18-g7758cf2 to 0.18-b1-22-ge198996
  1892 | D:4      | Reached *** piety under Trog
  1893 | D:4      | Found an iron altar of Okawaru.
  1924 | D:4      | Noticed a hippogriff
  1936 | D:4      | Killed a hippogriff
  2267 | D:4      | Reached XP level 7. HP: 30/62 MP: 6/6
  2321 | D:4      | Reached skill level 5 in Armour
  2498 | D:4      | Reached skill level 6 in Axes
  2726 | D:4      | Found a snail-covered altar of Cheibriados.
  2729 | D:4      | Reached skill level 5 in Dodging
  3050 | D:4      | Found a sacrificial altar of Ru.
  3137 | D:4      | Reached XP level 8. HP: 70/71 MP: 7/7
  3263 | D:5      | Entered Level 5 of the Dungeon
  3269 | D:5      | Found an iron altar of Okawaru.
  3289 | D:5      | Reached **** piety under Trog
  3306 | D:5      | Reached skill level 7 in Axes
  3461 | D:5      | Found a staircase to the Ecumenical Temple.
  3918 | D:5      | Found a shattered altar of Ashenzari.
  4205 | Temple   | Entered the Ecumenical Temple
  4243 | D:6      | Reached ***** piety under Trog
  4436 | D:6      | Noticed Menkaure
  4442 | D:6      | Killed Menkaure
  4491 | D:6      | Reached XP level 9. HP: 81/81 MP: 8/8
  4508 | D:6      | Noticed Eustachio
  4516 | D:6      | Killed Eustachio
  4516 | D:6      | Reached skill level 8 in Axes
  4604 | D:6      | Noticed Blork the orc
  4613 | D:6      | Killed Blork the orc
  5748 | D:7      | Found a burning altar of Makhleb.
  6051 | D:7      | Received a gift from Trog
  6052 | D:7      | Reached skill level 9 in Axes
  6059 | D:7      | Got a warped halberd {god gift}
  6071 | D:7      | Identified the +2 halberd of Disintegration {holy, +Rage rN+ Int-3 Stlth+} (Trog gifted it to you on level 7 of the Dungeon)
  6303 | D:8      | Noticed PeterLawrence's ghost (novice MiFi)
  6488 | D:8      | Reached XP level 10. HP: 91/91 MP: 9/9
  6960 | D:8      | Killed PeterLawrence's ghost
  7001 | D:8      | Got an ancient robe
  7415 | D:9      | Reached skill level 10 in Fighting
  7452 | D:9      | Noticed HaroldButt's ghost (novice DsGl)
  7477 | D:9      | Killed HaroldButt's ghost
  7477 | D:9      | Reached skill level 10 in Axes
  7576 | D:9      | Found Cahuk's Food Shoppe.
  7670 | D:9      | Reached skill level 10 in Armour
  7685 | D:9      | Found a shimmering altar of Xom.
  8153 | D:9      | Found a staircase to the Lair.
  8209 | D:9      | Reached XP level 11. HP: 101/101 MP: 10/10
  8387 | D:9      | Identified the +2 robe of the Pleiades {+Fly} (You found it on level 8 of the Dungeon)
  8421 | D:10     | Entered Level 10 of the Dungeon
  8567 | D:10     | Noticed a hill giant
  8571 | D:10     | Noticed a hill giant
  8574 | D:10     | Killed a hill giant
  8580 | D:10     | Killed a hill giant
  8654 | D:10     | Noticed a hill giant
  8669 | D:10     | Killed a hill giant
  8669 | D:10     | Reached skill level 11 in Axes
  8669 | D:10     | Reached skill level 10 in Dodging
  9107 | D:10     | Found a staircase to the Orcish Mines.
  9128 | D:10     | Reached ****** piety under Trog
  9947 | Lair:1   | Entered Level 1 of the Lair of Beasts
 10211 | Lair:1   | Noticed a seven-headed hydra
 10298 | Lair:1   | Killed an eight-headed hydra
 10364 | Lair:1   | Noticed an eight-headed hydra
 10393 | D:9      | Killed an eight-headed hydra
 10737 | Lair:1   | Noticed Gastronok
 10750 | Lair:1   | Killed Gastronok
 10750 | Lair:1   | Reached skill level 12 in Axes
 10757 | Lair:1   | Reached XP level 12. HP: 56/112 MP: 11/11
 11301 | Lair:2   | Received a gift from Trog
 11378 | Lair:2   | Noticed an ice dragon
 11668 | Lair:2   | Found a labyrinth entrance.
 11680 | Lab      | Entered a labyrinth
 11950 | Lab      | Got a brightly glowing hand axe
 12060 | Lab      | Noticed a minotaur
 12066 | Lab      | Killed a minotaur
 12076 | Lab      | Got a slimy bronze ring
 12077 | Lab      | Got a warped chain mail
 12335 | Lair:2   | Killed an ice dragon
 13637 | Lair:2   | Identified the cursed +0 hand axe of Skirmishing {chop, rElec Str+4} (You found it in a labyrinth)
 13641 | Lair:2   | Identified the ring of Tuag {MR- AC+2 Str+3 Dex+3} (You found it in a labyrinth)
 13674 | Lair:2   | Identified the cursed +1 chain mail of the Unseen Realm {+Blink rN+ Dex+2} (You found it in a labyrinth)
 13674 | Lair:2   | Identified a +4 rod of inaccuracy (9/9) (You found it in a labyrinth)
 13763 | Lair:3   | Received a gift from Trog
 13780 | Lair:3   | Noticed a four-headed hydra
 13794 | Lair:3   | Killed a six-headed hydra
 13794 | Lair:3   | Reached skill level 13 in Axes
 14589 | Lair:3   | You fall through a shaft for 2 floors!
 15036 | Lair:4   | Found a staircase to the Snake Pit.
 15048 | Lair:4   | Reached XP level 13. HP: 101/122 MP: 12/12
 15779 | Lair:4   | Received a gift from Trog
 15883 | Lair:4   | Found a staircase to the Swamp.
 16169 | Lair:4   | Reached skill level 14 in Axes
 17152 | Lair:5   | Noticed F1L1N's ghost (journeyman TrBe)
 17172 | Lair:5   | Killed F1L1N's ghost
 17577 | Lair:5   | Noticed grippy's ghost (journeyman DDFi)
 17601 | Lair:5   | Killed grippy's ghost
 18088 | Lair:6   | Noticed feelmyfire's ghost (adept MiFi)
 18132 | Lair:6   | Killed feelmyfire's ghost
 18648 | Lair:6   | Found a staircase to the Slime Pits.
 18648 | Lair:6   | Found a viscous altar of Jiyva.
 18784 | Lair:7   | Received a gift from Trog
 18787 | Lair:7   | Reached skill level 15 in Axes
 19631 | Lair:8   | Entered Level 8 of the Lair of Beasts
 19642 | Lair:8   | Reached XP level 14. HP: 113/132 MP: 13/13
 20111 | Lair:8   | Received a gift from Trog
 20598 | Lair:8   | Received a gift from Trog
 20770 | Lair:8   | Reached skill level 16 in Axes
 21130 | Lair:8   | Cast into level 2 of the Abyss (spriggan rider)
 21212 | Abyss:2  | Found a corrupted altar of Lugonu.
 21515 | Abyss:2  | Reached skill level 15 in Fighting
 21577 | Abyss:2  | Noticed a tentacled starspawn
 21586 | Abyss:2  | Killed a tentacled starspawn
 21593 | Lair:8   | Escaped the Abyss
 21857 | Lair:7   | Reached skill level 15 in Armour
 22313 | Orc:1    | Entered Level 1 of the Orcish Mines
 22327 | Orc:1    | Received a gift from Trog
 22402 | Orc:1    | Found a dark tunnel.
 22409 | Volcano  | Entered a volcano
 22561 | Volcano  | Found a bloodstained altar of Trog.
 22760 | Orc:2    | Entered Level 2 of the Orcish Mines
 22762 | Orc:2    | Noticed no0bjke's ghost (journeyman GrBe)
 22774 | Orc:2    | Killed no0bjke's ghost
 23013 | Orc:2    | Found Vewotimi's General Store.
 23171 | Orc:2    | Found a staircase to the Elven Halls.
 23268 | Orc:2    | Found Lust's Distillery.
 23268 | Orc:2    | Found Baumen's Food Shoppe.
 23282 | Orc:2    | Received a gift from Trog
 23284 | Orc:2    | Reached XP level 15. HP: 115/141 MP: 14/14
 23284 | Orc:2    | Reached skill level 17 in Axes
 23297 | Orc:2    | Found Wufapiqu's Assorted Antiques.
 23297 | Orc:2    | Found Egunyghe's Gadget Shoppe.
 23408 | Orc:2    | Upgraded the game from 0.18-b1-22-ge198996 to 0.18.0-1-g0107ab7
 23410 | Orc:2    | Bought a potion of degeneration for 11 gold pieces
 23410 | Orc:2    | Bought a potion of heal wounds for 55 gold pieces
 23412 | Orc:2    | Bought a scroll labeled FEFUIM MYNE for 31 gold pieces
 23412 | Orc:2    | Upgraded the game from 0.18.0-1-g0107ab7 to 0.18.0-2-g198d6d4
 23464 | Orc:2    | Bought a translucent chain mail for 294 gold pieces
 23474 | Orc:2    | Identified the +5 chain mail "Rotezege" {+Fly rF++ rC- Stlth+} (You bought it in a shop on level 2 of the Orcish Mines)
 23488 | Orc:2    | Bought a potion of haste for 110 gold pieces
 23488 | Orc:2    | Bought a potion of cure mutation for 275 gold pieces
 23582 | Orc:1    | Found Okikhliorch's Assorted Antiques.
 24147 | Elf:1    | Entered Level 1 of the Elven Halls
 24154 | Elf:1    | Received a gift from Trog
 24939 | Elf:1    | Noticed Roxanne
 25610 | Elf:1    | Reached skill level 18 in Axes
 26228 | Elf:1    | Killed Roxanne
 26362 | Elf:2    | Received a gift from Trog
 26921 | Elf:2    | Found Waofuo's Weapon Boutique.
 27224 | Elf:2    | Reached skill level 15 in Dodging
 27224 | Elf:2    | Reached XP level 16. HP: 111/151 MP: 5/15
 27235 | Elf:2    | Received a gift from Trog
 27266 | Elf:2    | Found a runed gate.
 27266 | Elf:2    | Found a runed gate.
 27266 | Elf:2    | Found a runed gate.
 27716 | Elf:2    | HP: 3/152 [deep elf knight/stone arrow (32)]
 28409 | Elf:2    | Reached skill level 19 in Axes
 28565 | Elf:2    | Noticed a deep elf blademaster
 28578 | Elf:2    | Killed a deep elf blademaster
 29452 | Elf:3    | Entered Level 3 of the Elven Halls
 30502 | Elf:3    | Noticed Chiseanne's ghost (adept DsWz)
 30519 | Elf:3    | Killed Chiseanne's ghost
 30662 | Elf:2    | Upgraded the game from 0.18.0-2-g198d6d4 to 0.18.1-1-g2f07953
 30863 | Elf:3    | Found Otiheep's Food Shop.
 30920 | Elf:3    | Reached skill level 1 in Throwing
 31087 | Elf:3    | Found a deep blue altar of Sif Muna.
 31320 | Elf:3    | Noticed a deep elf master archer
 31320 | Elf:3    | Noticed a deep elf master archer
 31333 | Elf:3    | Noticed a deep elf blademaster
 31360 | Elf:2    | Killed a deep elf blademaster
 31901 | Elf:3    | Killed a deep elf master archer
 31901 | Elf:3    | Reached XP level 17. HP: 121/161 MP: 5/16
 32052 | Elf:3    | Killed a deep elf master archer
 32432 | Elf:3    | Reached skill level 20 in Axes
 32454 | Elf:3    | Got a crystal glaive {chop}
 32464 | Elf:3    | Noticed a deep elf blademaster
 32503 | Elf:3    | Killed a deep elf blademaster
 32504 | Elf:3    | Noticed a deep elf master archer
 32508 | Elf:3    | Killed a deep elf master archer
 32974 | Elf:3    | Noticed a deep elf blademaster
 32975 | Elf:3    | Noticed a deep elf master archer
 32981 | Elf:3    | Killed a deep elf blademaster
 32986 | Elf:3    | Killed a deep elf master archer
 33064 | Elf:3    | Got a translucent turquoise ring
 33089 | Elf:3    | Got a steaming war axe
 33132 | Elf:3    | Noticed Asterion
 33148 | Elf:3    | Killed Asterion
 33157 | Elf:3    | Received a gift from Trog
 33212 | Elf:3    | Got a flickering ivory ring
 33219 | Elf:3    | Got a distressingly furry storm dragon armour
 33255 | Elf:3    | Identified the cursed +1 glaive "Yrugom" {chop, *Rage MR++ Int+2} (You took it off a deep elf sorcerer on level 3 of the Elven Halls)
 33266 | Elf:3    | Identified the cursed +0 storm dragon armour of Depression {*Confuse rElec rC+++ Regen+ Int+4} (You found it on level 3 of the Elven Halls)
 33267 | Elf:3    | Identified the ring "Xitykk" {rCorr Int+4} (You found it on level 3 of the Elven Halls)
 33269 | Elf:3    | Identified the ring "Vefoty" {rPois rF+ AC+4 SInv} (You found it on level 3 of the Elven Halls)
 33328 | Elf:3    | Identified the cursed +1 war axe "With Two Names" {drain, Str+5} (You found it on level 3 of the Elven Halls)
 33384 | Elf:3    | Got an ivory lajatang
 34154 | Snake:1  | Entered Level 1 of the Snake Pit
 34324 | Snake:1  | Noticed Frances
 34343 | Snake:1  | Killed Frances
 34558 | Snake:1  | Noticed Nikola
 34578 | Snake:1  | Received a gift from Trog
 34582 | Snake:1  | Killed Nikola
 34582 | Snake:1  | Reached skill level 5 in Throwing
 34700 | Snake:1  | Found Mudumn's Book Boutique.
 34703 | Snake:1  | Noticed Aizul
 34714 | Snake:1  | Killed Aizul
 35126 | Snake:2  | Reached skill level 21 in Axes
 35304 | Snake:2  | Reached XP level 18. HP: 152/171 MP: 17/17
 35518 | Snake:2  | Received a gift from Trog
 36324 | Snake:3  | Received a gift from Trog
 36487 | Snake:3  | Received a gift from Trog
 36881 | Snake:4  | Entered Level 4 of the Snake Pit
 36991 | Snake:4  | Got a steaming ivory amulet
 37004 | Snake:4  | Received a gift from Trog
 37323 | Snake:4  | Received a gift from Trog
 37326 | Snake:4  | Got a dazzling war axe {god gift}
 37561 | Snake:4  | Reached skill level 22 in Axes
 37753 | Snake:4  | Received a gift from Trog
 37821 | Snake:4  | Got a serpentine rune of Zot
 38322 | Lair:2   | Identified the amulet "Pireg" {Faith *Drain Str+6 Int+3} (You found it on level 4 of the Snake Pit)
 38333 | Lair:2   | Identified the +9 war axe "Imagolu" {freeze, *Corrode rF+ rC- Int+9} (Trog gifted it to you on level 4 of the Snake Pit)
 38522 | Swamp:1  | Entered Level 1 of the Swamp
 38611 | Swamp:1  | Reached XP level 19. HP: 177/180 MP: 6/18
 40294 | Swamp:3  | Found a shimmering altar of Xom.
 40505 | Swamp:3  | Found a shimmering altar of Xom.
 40723 | Swamp:4  | Entered Level 4 of the Swamp
 40864 | Swamp:4  | Noticed Donald
 40866 | Swamp:4  | Received a gift from Trog
 40870 | Swamp:4  | Killed Donald
 40952 | Swamp:4  | Noticed Louise
 40958 | Swamp:4  | Killed Louise
 41240 | Swamp:4  | Noticed Kirke
 41249 | Swamp:4  | Killed Kirke
 41718 | Swamp:4  | Noticed a bone dragon
 41732 | Swamp:4  | Killed a bone dragon
 41732 | Swamp:4  | Reached skill level 23 in Axes
 41925 | Swamp:4  | Got a decaying rune of Zot
 42123 | Lair:4   | Received a gift from Trog
 42304 | Lair:2   | Identified a scroll of acquirement
 42323 | Lair:2   | Reached skill level 10 in Throwing
 42323 | Lair:2   | Reached XP level 20. HP: 184/184 MP: 6/19
 42420 | Slime:1  | Entered Level 1 of the Pits of Slime
 42631 | Slime:3  | Received a gift from Trog
 42896 | Slime:4  | Received a gift from Trog
 42908 | Slime:4  | Gained mutation: Your magical capacity is low (-10% MP). [a shining eye]
 43029 | Slime:4  | Reached XP level 21. HP: 166/191 MP: 5/17
 43034 | Slime:4  | Received a gift from Trog
 43037 | Slime:4  | Got a twisted executioner's axe {god gift}
 43175 | Slime:4  | Gained mutation: You are frail (-10% HP). [a shining eye]
 43822 | Slime:6  | Entered Level 6 of the Pits of Slime
 43910 | Slime:6  | Gained mutation: Your flesh is cold resistant. [a shining eye]
 43924 | Slime:6  | Identified the +3 executioner's axe of Calculation {chop, +Rage rPois rF++ rC-} (Trog gifted it to you on level 4 of the Pits of Slime)
 44282 | Slime:6  | Received a gift from Trog
 44505 | Slime:6  | Noticed the Royal Jelly
 44522 | Slime:6  | Killed the Royal Jelly
 44897 | Slime:6  | Got a spiked cloak
 44907 | Slime:6  | Got an encrusted halberd
 44909 | Slime:6  | Got a slimy rune of Zot
 45032 | Slime:6  | Identified the +0 cloak of the Good {Slay+2} (You found it on level 6 of the Pits of Slime)
 45033 | Slime:6  | Identified the +5 halberd "Ditut" {holy, *Drain Int+4 Dex+3 SInv} (You found it on level 6 of the Pits of Slime)
 45735 | D:11     | Received a gift from Trog
 46169 | D:12     | Noticed Chiseanne's ghost (journeyman DsWz)
 46178 | D:12     | Reached skill level 24 in Axes
 46179 | D:12     | Killed Chiseanne's ghost
 46258 | D:12     | Received a gift from Trog
 46274 | D:12     | Found Lethrykko's General Store.
 46281 | D:12     | Found Ykuzoik's Gadget Shoppe.
 46450 | D:12     | Gained mutation: You passively map a small area around you. [mutagenic meat]
 46451 | D:12     | Gained mutation: You are clumsy. (Dex -2) [mutagenic meat]
 46452 | D:12     | Lost mutation: Your magical capacity is low (-10% MP). [mutagenic meat]
 46453 | D:12     | Lost mutation: You are frail (-10% HP). [mutagenic meat]
 46454 | D:12     | Gained mutation: Your flesh is heat resistant. [mutagenic meat]
 46499 | D:12     | Found Onaujim's Assorted Antiques.
 47042 | D:13     | Noticed Maurice
 47046 | D:13     | Killed Maurice
 47146 | D:13     | Gained mutation: You are somewhat resistant to further mutation. [mutagenic meat]
 47366 | D:13     | Noticed Azrael
 47378 | D:13     | Killed Azrael
 47429 | D:13     | Found a portal to a secret trove of treasure.
 48249 | D:14     | Got a heavily runed ring mail
 48395 | D:14     | Found a gate to the Vaults.
 48708 | D:14     | Received a gift from Trog
 48726 | D:14     | Gained mutation: Armour fits poorly on your strangely shaped body. [mutagenic meat]
 48729 | D:14     | Gained mutation: You are robust (+10% HP). [mutagenic meat]
 48733 | D:14     | Gained mutation: Scrolls take you a little longer to read. [mutagenic meat]
 48799 | D:14     | Found a glowing golden altar of the Shining One.
 48806 | D:14     | Got a heavily runed jade ring
 48870 | D:14     | Identified the ring of the Madman {*Corrode +Inv rPois MR++ Stlth+} (You found it on level 14 of the Dungeon)
 48906 | D:14     | Identified the cursed +0 ring mail "Tudd" {rPois rF+ Str+4 Int+3 Stlth-} (You found it on level 14 of the Dungeon)
 49055 | Lair:2   | Gained mutation: Your flesh is very heat resistant. [potion of mutation]
 49056 | Lair:2   | Lost mutation: Armour fits poorly on your strangely shaped body. [potion of cure mutation]
 49056 | Lair:2   | Lost mutation: You are somewhat resistant to further mutation. [potion of cure mutation]
 49056 | Lair:2   | Lost mutation: Your flesh is cold resistant. [potion of cure mutation]
 49056 | Lair:2   | Lost mutation: You are clumsy. (Dex -2) [potion of cure mutation]
 49221 | D:15     | Entered Level 15 of the Dungeon
 49646 | D:15     | Received a gift from Trog
 49705 | D:15     | Found a staircase to the Depths.
 50304 | Depths:1 | Entered Level 1 of the Depths
 50304 | Depths:1 | Noticed a juggernaut
 50316 | D:15     | Reached XP level 22. HP: 220/220 MP: 7/21
 50369 | D:15     | Killed a juggernaut
 50486 | Depths:1 | Received a gift from Trog
 50763 | Depths:1 | Received a gift from Trog
 50778 | Depths:1 | Got a jewelled executioner's axe {god gift}
 50781 | Depths:1 | Identified the +3 executioner's axe of the Dwarven Hall {venom, +Fly Dex+3 Stlth+} (Trog gifted it to you on level 1 of the Depths)
 50858 | Depths:1 | Found a one-way gate leading to the halls of Pandemonium.
 50871 | Depths:1 | Found Loofuirosy's Jewellery Emporium.
 50989 | Depths:1 | Found a gateway to Hell.
 51002 | Depths:1 | Got a dazzling chain mail
 51315 | Depths:2 | Noticed Saint Roka
 51321 | Depths:2 | Noticed a caustic shrike
 51331 | Depths:2 | Killed a caustic shrike
 51331 | Depths:2 | Reached skill level 25 in Axes
 51341 | Depths:2 | Killed Saint Roka
 51356 | Depths:2 | Received a gift from Trog
 51397 | Depths:2 | Noticed Norris
 51410 | Depths:2 | Killed Norris
 51532 | Depths:2 | Received a gift from Trog
 51645 | Depths:2 | Found a gateway to a ziggurat.
 51655 | Depths:2 | Found Hyoqet's Book Shoppe.
 51821 | Depths:2 | Identified the cursed +0 chain mail "Rocaoc" {rF+ rC+ Dex+2 Stlth-} (You found it on level 1 of the Depths)
 52286 | Depths:3 | Found Luat's Gadget Boutique.
 52332 | Depths:3 | Found Wita's Book Shoppe.
 52561 | Depths:3 | Reached XP level 23. HP: 232/238 MP: 7/22
 52692 | Depths:3 | Found Ithradack's Armour Shoppe.
 52960 | Depths:3 | Found a one-way gate to the infinite horrors of the Abyss.
 53033 | Depths:3 | Bought the +2 plate armour of Philately {rElec rPois rN+++ Stlth-} for 1416 gold pieces
 53303 | Depths:3 | Noticed a greater mummy
 53311 | Depths:3 | Killed a greater mummy
 53950 | Depths:4 | Received a gift from Trog
 53996 | Depths:4 | Got a brightly glowing glaive {god gift}
 54019 | Depths:4 | Identified the +3 glaive of Capital Punishment {drain, rF++} (Trog gifted it to you on level 4 of the Depths)
 54050 | Depths:4 | Got a pair of transparent boots
 54061 | Depths:4 | Identified the cursed +0 pair of boots of Zehihumilo {rElec Regen+ Str+4 Int+2} (You found it on level 4 of the Depths)
 54518 | Depths:4 | Found a glowing golden altar of the Shining One.
 54844 | Depths:5 | Entered Level 5 of the Depths
 54868 | Depths:5 | Reached skill level 26 in Axes
 54869 | Depths:5 | Upgraded the game from 0.18.1-1-g2f07953 to 0.18.1-2-ga659475
 54897 | Depths:5 | Received a gift from Trog
 55058 | Depths:5 | Received a gift from Trog
 55221 | Depths:5 | Found a gate to the Realm of Zot.
 55865 | Vaults:1 | Entered Level 1 of the Vaults
 56061 | Vaults:1 | Reached XP level 24. HP: 249/249 MP: 7/22
 56130 | Vaults:1 | Found a glowing silver altar of Zin.
 56171 | Vaults:1 | Received a gift from Trog
 56237 | Vaults:1 | Received a gift from Trog
 56561 | Vaults:1 | Received a gift from Trog
 57179 | Vaults:2 | Received a gift from Trog
 57236 | Vaults:2 | Received a gift from Trog
 57367 | Vaults:2 | Found Ubran's Antique Weapon Shop.
 57387 | Vaults:2 | Found Waarocs's Armour Shop.
 57407 | Vaults:2 | Received a gift from Trog
 57408 | Vaults:2 | Found Owu Igu's Gadget Shop.
 57659 | Vaults:2 | Reached skill level 27 in Axes
 57715 | Vaults:2 | Found a staircase to the Crypt.
 58857 | Vaults:3 | Received a gift from Trog
 59484 | Vaults:4 | Received a gift from Trog
 59788 | Vaults:4 | Reached skill level 15 in Throwing
 59915 | Vaults:4 | Reached XP level 25. HP: 260/260 MP: 7/22
 60291 | Vaults:4 | Got an ichor-stained robe
 60669 | Vaults:5 | Entered Level 5 of the Vaults
 60677 | Vaults:5 | Received a gift from Trog
 60679 | Vaults:5 | Noticed an ancient lich
 60682 | Vaults:5 | Noticed Mara
 60684 | Vaults:5 | Received a gift from Trog
 60696 | Vaults:5 | Killed an ancient lich
 60706 | Vaults:5 | Noticed franckfuck's illusion
 60716 | Vaults:5 | Killed Mara
 61070 | Vaults:5 | Got a silver rune of Zot
 61141 | Vaults:5 | Received a gift from Trog
 61181 | Vaults:5 | Found Viblaic's Gadget Shoppe.
 61203 | Vaults:5 | Received a gift from Trog
 61283 | Vaults:5 | Reached XP level 26. HP: 224/275 MP: 7/22
 61317 | Vaults:5 | Identified the +1 robe of Ilelux {rCorr Int+9 Dex-3 Slay+2} (You found it on level 4 of the Vaults)
 61411 | Vaults:5 | Got a pitted plate armour
 61428 | Vaults:5 | Identified the +1 plate armour "Baxits" {MR+} (You found it on level 5 of the Vaults)
 61454 | Vaults:5 | Identified the Grimoire of Unholy Talismans
 61507 | Vaults:5 | Received a gift from Trog
 61790 | Vaults:5 | Found Yngaezai's Gadget Shoppe.
 61925 | Vaults:5 | Got a warped golden ring
 62011 | Vaults:5 | Identified the ring "Cechod" {Wiz rC+ Int+3} (You took it off a yaktaur on level 5 of the Vaults)
 62018 | Vaults:5 | Identified the Reference Book on Transformation and Envenoming (You found it on level 5 of the Vaults)
 62033 | Vaults:5 | Got a fine morningstar
 62058 | Vaults:5 | Got an iridescent morningstar
 62059 | Vaults:5 | Identified the +4 morningstar of Untimely Demise {venom, MR+++ MP+9 Str+4 Int-5} (You found it on level 5 of the Vaults)
 62060 | Vaults:5 | Identified the cursed +1 morningstar "Jaqitoid" {venom, *Noise rN+++} (You found it on level 5 of the Vaults)
 62574 | Orc:1    | Bought a runed hat for 120 gold pieces
 62638 | Orc:2    | Bought a potion of resistance for 110 gold pieces
 62638 | Orc:2    | Bought a potion of resistance for 110 gold pieces
 62891 | D:13     | You paid a toll of 3 potions of resistance to enter a treasure trove
 62892 | Trove    | Entered a treasure trove
 62902 | Trove    | Got a wavering ivory amulet
 62920 | Trove    | Identified the Volume of Cankerous Earth
 62966 | D:13     | Identified a +0 pair of boots of running (You found it in a treasure trove)
 62968 | D:13     | Identified a +2 rod of clouds (12/12) (You found it in a treasure trove)
 63051 | D:13     | Identified the amulet of Spring {Spirit *Corrode Str+4} (You found it in a treasure trove)
 63452 | Crypt:1  | Entered Level 1 of the Crypt
 63914 | Crypt:1  | Noticed Jorgrun
 63917 | Crypt:1  | Killed Jorgrun
 64094 | Crypt:1  | Identified the Compendium of Malediction
 64510 | Crypt:2  | Identified the Collected Works on Stolen Souls
 65156 | Crypt:3  | Entered Level 3 of the Crypt
 65198 | Crypt:3  | Noticed Frederick
 65224 | Crypt:3  | Found a magical portal.
 65257 | Crypt:3  | Killed Frederick
 65280 | WizLab   | Entered The Roulette of Golubria
 65282 | WizLab   | Found a corrupted altar of Lugonu.
 65581 | WizLab   | Received a gift from Trog
 65667 | WizLab   | Got a smoking cloak
 65670 | WizLab   | Identified Sif Muna's Papyrus of the Eternal Void
 65677 | WizLab   | Got a distressingly furry cloak
 65682 | WizLab   | Got a transparent plate armour
 65706 | WizLab   | Identified the cursed +0 cloak of an ossuary {MR++} (You found it in a wizard's laboratory)
 65709 | WizLab   | Got a twisted cloak
 65733 | WizLab   | Identified the +1 cloak of the Vestibule of Hell {Int+4} (You found it in a wizard's laboratory)
 65743 | WizLab   | Identified the +2 cloak of Agoraphobia {rN+} (You found it in a wizard's laboratory)
 65753 | WizLab   | Identified the cursed +1 plate armour of Heresy {MP+9 Dex+6} (You found it in a wizard's laboratory)
 66040 | WizLab   | Found a corrupted altar of Lugonu.
 66434 | Crypt:3  | Identified Gibuw's Volume of Evil Magic (You found it on level 3 of the Crypt)
 66727 | Crypt:3  | Found an ancient bone altar of Kikubaaqudgha.
 66882 | Crypt:3  | Found a staircase to the Tomb.
 67073 | Crypt:3  | Identified a +4 rod of shadows (10/10) (You found it on level 3 of the Crypt)
 67076 | Tomb:1   | Entered Level 1 of the Tomb of the Ancients
 67156 | Tomb:1   | Reached XP level 27. HP: 280/286 MP: 7/22
 67448 | Tomb:1   | HP: 10/290 [skeletal warrior/enchanted glaive (17)]
 67448 | Tomb:1   | Killed from afar by a mummy priest

Skill      XL: |  1  2  3  4  5  6  7  8  9 10 11 12 13 14 15 16 17 18 19 20 21 22 23 24 25 26 |
---------------+-------------------------------------------------------------------------------+-----
Fighting       | 4 5 6 7 9 10 12 13 14 15 16 17 18 19 20 21 22 23 24 | 24.4
Axes           | 4 5 6 7 9 10 12 13 15 16 18 19 21 22 23 24 25 26 27 | 27.0
Armour         | 3 4 5 7 9 10 11 12 13 15 16 17 18 19 20 21 22 23 24 | 24.4
Dodging        | 3 4 5 6 8 9 11 12 13 14 15 16 17 18 19 20 21 22 | 22.6
Throwing       | 2 5 7 10 11 12 13 15 16 17 | 17.9

Action                   |  1- 3 |  4- 6 |  7- 9 | 10-12 | 13-15 | 16-18 | 19-21 | 22-24 | 25-27 || total
-------------------------+-------+-------+-------+-------+-------+-------+-------+-------+-------++-------
Melee: Hand axe          |    53 |    85 |   299 |    45 |       |       |       |       |       ||   482
       Headbutt          |     9 |    14 |    74 |   140 |   242 |   350 |   333 |   426 |   347 ||  1935
       Halberd           |       |       |    25 |   267 |       |       |       |       |       ||   292
       War axe           |       |       |       |    71 |       |   641 |       |       |       ||   712
       Executioner's axe |       |       |       |   229 |   697 |   395 |  1060 |  1236 |   911 ||  4528
       Battleaxe         |       |       |       |       |   173 |       |       |    18 |       ||   191
       Lajatang          |       |       |       |       |       |       |    21 |       |       ||    21
Throw: Tomahawk          |       |       |       |     1 |     2 |       |     9 |       |       ||    12
       Javelin           |       |       |       |       |       |       |       |     3 |     4 ||     7
Invok: Berserk           |     1 |     3 |     9 |    16 |    18 |    14 |     4 |    10 |     6 ||    81
       Trog's Hand       |       |     1 |     2 |     2 |     6 |     2 |     3 |     6 |       ||    22
       Brothers in Arms  |       |       |     1 |     4 |    11 |    10 |     4 |       |       ||    30
       Burn Spellbooks   |       |       |     1 |       |       |     5 |       |       |       ||     6
Evoke: Wand              |       |       |       |       |    10 |     1 |     5 |       |     4 ||    20
       Rod               |       |       |       |       |     2 |       |       |       |     2 ||     4
       Lamp of fire      |       |       |       |       |       |       |       |       |     1 ||     1
  Use: Scroll            |       |       |     3 |    11 |     9 |    17 |     9 |     9 |    11 ||    69
       Potion            |       |       |       |       |     4 |     2 |     4 |     1 |     4 ||    15
 Stab: Distracted        |       |       |     1 |       |     3 |     2 |     1 |     1 |     3 ||    11
  Eat: Chunk             |     1 |     6 |    26 |    35 |    34 |    22 |    38 |    43 |     4 ||   209
       Fruit             |       |       |       |     3 |     8 |     8 |    13 |       |     7 ||    39
       Bread ration      |       |       |       |     2 |     2 |     2 |     2 |       |       ||     8
       Beef jerky        |       |       |       |     2 |       |     3 |       |       |     1 ||     6
       Pizza             |       |       |       |     2 |       |     1 |     1 |     1 |     3 ||     8
       Meat ration       |       |       |       |       |     2 |     2 |       |       |     4 ||     8
       Royal jelly       |       |       |       |       |       |       |       |       |     1 ||     1
Armor: Animal skin       |     6 |     3 |       |       |       |       |       |       |       ||     9
       Plate armour      |       |    15 |       |       |   138 |   147 |       |   177 |   193 ||   670
       Leather armour    |       |     4 |     9 |       |       |       |       |       |       ||    13
       Scale mail        |       |       |    92 |    67 |    30 |       |       |       |       ||   189
       Chain mail        |       |       |       |   207 |   123 |       |       |       |       ||   330
       Troll leather arm |       |       |       |       |    99 |       |       |       |       ||    99
       Storm dragon armo |       |       |       |       |       |   277 |   528 |   167 |       ||   972
       Crystal plate arm |       |       |       |       |       |       |       |   216 |   183 ||   399
Dodge: Dodged            |    24 |    51 |   183 |   445 |   837 |   756 |  1108 |  1134 |   787 ||  5325
Block: Buckler           |       |       |       |       |       |   170 |       |       |       ||   170
